 Dungeon Crawl Stone Soup version 0.31-a0-188-g5e087ee2ca (webtiles) character file.

Game seed: 8987901171380069517

58 qw the Shooter (level 3, 0/20 HPs)
             Began as a Deep Elf Hunter on June 23, 2023.
             Slain by Sigmund
             ... wielding a +0 scythe
              (2 damage)
             ... on level 3 of the Dungeon.
             The game lasted 00:00:34 (1956 turns).

qw the Shooter (Deep Elf Hunter)                    Turns: 1956, Time: 00:00:35

Health: 0/20       AC:  7    Str: 10    XL:     3   Next: 76%
Magic:  5/5        EV: 11    Int: 13    God:
Gold:   112        SH:  0    Dex: 18    Spells: 2/2 levels left

rFire   . . .        Y - +0 shortbow
rCold   . . .        (shield currently unavailable)
rNeg    . . .        a - +0 ring mail
rPois   .            i - +0 helmet
rElec   .            (no cloak)
rCorr   .            g - +0 pair of gloves
SInv    .            (no boots)
Will    +....        (no amulet)
Stlth   +            h - ring of willpower
HPRegen 0.23/turn    (no ring)
MPRegen 0.09/turn

%: no passive effects
@: no status effects
A: no striking features
a: no special abilities


You were on level 3 of the Dungeon.
You visited 1 branch of the dungeon, and saw 3 of its levels.

You collected 112 gold pieces.


   Skills:
 - Level 1.5 Fighting
 + Level 7.2 Ranged Weapons
 - Level 2.4 Dodging
 - Level 1.2 Stealth


You had 2 spell levels left.
You didn't know any spells.
Your spell library was empty.

Inventory:

Hand Weapons
 Y - a +0 shortbow (weapon)
Armour
 a - a +0 ring mail (worn)
 g - a +0 pair of gloves (worn)
 i - a +0 helmet (worn)
Jewellery
 h - a ring of willpower (left hand)
Scrolls
 c - a scroll of identify
 j - a scroll of immolation {unknown}
Potions
 b - a potion of ambrosia {unknown}
 d - a potion of brilliance {unknown}
 e - a potion of might {unknown}
 f - a potion of magic {unknown}
 k - a potion of haste {unknown}

Dungeon Overview and Level Annotations

Branches:
Dungeon (3/15)

Altars:

Annotations:
D:3 Sigmund


Message History

The kobold hits you with a +1 dagger of venom.
You shoot an arrow. The arrow hits the kobold!
You kill the kobold!
You feel very sick.
You start resting.
You feel sick. x7
You are no longer poisoned.
HP restored.
Found a black potion.
You now have 112 gold pieces (gained 10).
Things that are here:
a +1 dagger of venom; 8 stones
Enter note: Sigmund the Dreaded comes into view.
He is wielding a +0 scythe and wearing a +2 robe of the Archmagi.
Enter note: You shoot an arrow.
The arrow hits Sigmund but does no damage.
Sigmund gestures wildly while chanting.
Sigmund flickers and vanishes!
Deactivating autopickup; reactivate with Ctrl-A.
You shoot an arrow. You shoot an arrow.
You hear some strange, mumbled words.
You are confused.
You shoot an arrow. Something hits you!
Ouch! That really hurt!
You shoot an arrow. Something hits you but does no damage.
You shoot an arrow. You shoot an arrow. Something hits you!
You shoot an arrow.
You feel less confused. Something hits you but does no damage.
You shoot an arrow. Something hits you.
You shoot an arrow. Something hits you.
You die...

#...........
#...........
#.......... . #
#......... ..
#.###.......# ...
#...........###....
#..........#......
#..!.@............
#.....###.)........
###.{## #.#........
##. #.#......... #.
#.#.......... ##
##.#..........
#.##..#..........
#....##...%......
###>.............


There were no monsters in sight!

Vanquished Creatures
  3 worms (D:2)
  A dart slug (D:3)
  3 ball pythons
  6 endoplasms
  5 goblins
  3 hobgoblins
  3 jackals (D:1)
  4 quokkas
  5 bats
  A frilled lizard (D:2)
  4 kobolds
  5 rats
43 creatures vanquished.

Notes
Turn   | Place    | Note
-------+----------+-------------------------------------------
     0 | D:1      | qw the Deep Elf Hunter began the quest for the Orb.
     0 | D:1      | Reached XP level 1. HP: 12/12 MP: 3/3
     0 | D:1      | 0 ||| qw: Version: 0.3-a-9-g12657ce
     0 | D:1      | 0 ||| qw: Game counter: 3598
     0 | D:1      | 0 ||| qw: Always use a shield: true
     0 | D:1      | 0 ||| qw: God list: Okawaru
     0 | D:1      | 0 ||| qw: Allow faded altars: false
     0 | D:1      | 0 ||| qw: Do Orc after D:15 true
     0 | D:1      | 0 ||| qw: Do second Lair branch before Depths: true
     0 | D:1      | 0 ||| qw: Lair rune preference: random
     0 | D:1      | 0 ||| qw: Plans: Normal
     0 | D:1      | 0 ||| PLANNING D:1-11
   403 | D:1      | Reached XP level 2. HP: 16/16 MP: 4/4
   429 | D:1      | Reached skill level 6 in Ranged Weapons
   816 | D:1      | 816 ||| UPGRADING to +0 pair of gloves.
   821 | D:1      | 821 ||| UPGRADING to +0 helmet.
   826 | D:1      | 826 ||| UPGRADING to ring of willpower.
   827 | D:1      | 827 ||| READING scroll labelled QAKHLY EPIUVVUQ.
   828 | D:1      | 828 ||| DROPPING scroll of butterflies.
   904 | D:2      | Reached XP level 3. HP: 20/20 MP: 5/5
   995 | D:2      | HP: 5/20 [worm (8)]
  1617 | D:2      | Reached skill level 7 in Ranged Weapons
  1707 | D:2      | 1707 ||| UPGRADING to +0 ring mail.
  1717 | D:2      | 1717 ||| DROPPING +0 leather armour.
  1718 | D:2      | 1718 ||| READING scroll labelled HOSTIC KUCYMI.
  1722 | D:2      | 1722 ||| READING scroll labelled VEPSUV DOTSAC.
  1723 | D:2      | 1723 ||| READING scroll labelled ZAUTHENWAN.
  1871 | D:3      | HP: 5/20 [poisoned by a kobold]
  1946 | D:3      | Noticed Sigmund
  1953 | D:3      | HP: 3/20 [something (8)]
  1956 | D:3      | Slain by Sigmund

Levels and vault maps discovered:
D:1:      minmay_arrival_cross, layout_loops_corners
D:2:      layout_loops_corners, nicolae_underground_beach
D:3:      layout_basic, uniq_sigmund, uniq_terence

Skill      XL: |  1  2  3 |
---------------+----------+-----
Ranged Weapons | 6 7 |  7.2
Fighting       | |  1.5
Dodging        | |  2.4
Stealth        | |  1.2

Action                     || total
---------------------------++-------
   Fire: Shortbow          ||   128
    Use: Scroll            ||     4
 Armour: Ring mail         ||     5
         Leather armour    ||     1
  Dodge: Dodged            ||    19

Table legend:
 A = Non-vault XP
 B = Vault XP
 C = Vault XP percentage of total XP
 D = Non-vault monster count
 E = Vault monster count
 F = Vault count percentage of total count
                 A         B        C        D         E       F
            +---------+---------+-------+---------+---------+-------
      Total |      84 |       0 |   0.0 |      43 |       0 |   0.0
            +---------+---------+-------+---------+---------+-------
        D:1 |      33 |       0 |   0.0 |      18 |       0 |   0.0
        D:2 |      32 |       0 |   0.0 |      15 |       0 |   0.0
        D:3 |      19 |       0 |   0.0 |      10 |       0 |   0.0
            +---------+---------+-------+---------+---------+-------
